 Dungeon Crawl Stone Soup version 0.21-a0-110-g8e1637b (webtiles) character file.

1629900 GordonOverkill the Conqueror (level 27, 203/249 HPs)
             Began as a Barachi Berserker on July 8, 2017.
             Was a High Priest of Makhleb.
             Escaped with the Orb
             ... and 3 runes on July 9, 2017!
             The game lasted 03:19:02 (82258 turns).

GordonOverkill the Conqueror (Barachi Berserker)   Turns: 82258, Time: 03:19:02

Health: 203/249    AC: 48    Str: 22 (24) XL:     27
Magic:  34/34      EV: 24    Int:  4      God:    Makhleb [*****.]
Gold:   3568       SH: 30    Dex: 20      Spells: 18/26 levels left

rFire    + + +     SeeInvis +   a - +10 zealot's sword {holy, *Rage rN+ EV+3}
rCold    + + .     Gourm    .   P - +1 large shield {rC+ rF+}
rNeg     + + +     Faith    .   B - +7 gold dragon scales
rPois    +         Spirit   .   F - +1 hat of the Kangaroo {rElec rN+++ Int-2 Stlth+}
rElec    +         Reflect  +   w - +2 cloak {MR+}
rCorr    .         Harm     .   W - +1 pair of gloves
MR       +++++     Clarity  +   A - +4 pair of boots of Resourcefulness {MR+}
Stlth    ..........             E - +3 amulet of reflection
HPRegen  0.51/turn              p - ring of Kuhouplu {rF+ MR+ Dex-2}
MPRegen  0.24/turn              X - ring "Demyz" {Dex+3 SInv}

@: slow
A: +LOS, swims, antennae 1, yellow scales 1, camouflage 1, clarity, dopey 1,
slowness 1, inhibited regeneration, strong legs 2
0: Orb of Zot
}: 3/15 runes: barnacled, silver, gossamer
a: Hop, Minor Destruction, Lesser Servant of Makhleb, Major Destruction, Greater
Servant of Makhleb, Renounce Religion


You escaped.
You worshipped Makhleb.
Makhleb was extremely pleased with you.
You were full.

You visited 10 branches of the dungeon, and saw 50 of its levels.
You visited 2 bazaars.
You also visited: Bailey, Ice Cave and Volcano.

You collected 7726 gold pieces.
You spent 4158 gold pieces at shops.

Inventory:

Hand Weapons
 a - the +10 zealot's sword (weapon) {holy, *Rage rN+ EV+3}
   (You found it on level 2 of the Depths)

   It has been blessed by the Shining One to cause great damage to the undead
   and demons.
   It affects your evasion (+3).
   It protects you from negative energy.
   It may make you go berserk in combat.
 b - a +8 antimagic double sword
 y - a +4 scimitar of flaming
 H - a +5 double sword of draining
Missiles
 T - 9 throwing nets (quivered)
Armour
 w - a +2 cloak of magic resistance (worn)
 A - the +4 pair of boots of Resourcefulness (worn) {MR+}
   (You acquired it on level 3 of the Depths)

   It affects your resistance to hostile enchantments.
 B - +7 gold dragon scales (worn)
 F - the +1 hat of the Kangaroo (worn) {rElec rN+++ Int-2 Stlth+}
   (You found it in an ice cave)

   It affects your intelligence (-2).
   It insulates you from electricity.
   It renders you almost immune to negative energy.
   It makes you more stealthy.
 P - a +1 large shield of resistance (worn)
 U - the +0 hat of the Wumpus {rF+ MR+ Str+3}
   (You found it on level 2 of the Shoals)

   It affects your strength (+3).
   It protects you from fire.
   It affects your resistance to hostile enchantments.
 W - a +1 pair of gloves (worn)
Jewellery
 j - an uncursed ring of poison resistance
 p - the ring of Kuhouplu (left hand) {rF+ MR+ Dex-2}
   (You bought it in a shop in a bazaar)

   [ring of dexterity]

   It affects your dexterity (-2).
   It protects you from fire.
   It affects your resistance to hostile enchantments.
 E - a +3 amulet of reflection (around neck)
 X - the ring "Demyz" (right hand) {Dex+3 SInv}
   (You found it on level 4 of the Shoals)

   [ring of dexterity]

   It affects your dexterity (+3).
   It lets you see invisible.
Wands
 f - a wand of acid (13/15)
 m - a wand of clouds (1/9)
 q - a wand of acid (7/15)
 S - a wand of iceblast (1/15)
 V - a wand of acid (8/15)
 Y - a wand of digging (7/24)
Scrolls
 e - 18 scrolls of teleportation
 h - a scroll of holy word
 l - 9 scrolls of blinking
 n - 32 scrolls of remove curse
 r - a scroll of amnesia
 s - 14 scrolls of fog
 u - 10 scrolls of identify
 v - a scroll of summoning
 x - 9 scrolls of recharging
 G - 6 scrolls of silence
 N - 5 scrolls of fear
Potions
 g - 10 potions of resistance
 i - 8 potions of haste
 k - 9 potions of flight
 o - 6 potions of mutation
 z - 25 potions of curing
 C - 16 potions of heal wounds
 D - 5 potions of invisibility
 I - 8 potions of ambrosia
 J - 2 potions of might
 M - 11 potions of agility
 O - 3 potions of cancellation
 Q - 2 potions of berserk rage
Comestibles
 c - 27 bread rations
 d - 13 meat rations


   Skills:
 O Level 27 Fighting
 - Level 14.4 Long Blades
 + Level 24.4 Armour
 O Level 27 Dodging
 - Level 25.0 Shields
 - Level 14.7 Invocations


You had 18 spell levels left.
You knew the following spells:

 Your Spells              Type           Power        Failure   Level  Hunger
a - Deflect Missiles      Chrm/Air       #.........   100%        6    #######
b - Blink                 Tloc           N/A          100%        2    ###....


Dungeon Overview and Level Annotations

Branches:
Dungeon (15/15)            Temple (1/1) D:5            Lair (6/6) D:9
 Shoals (4/4) Lair:3       Spider (4/4) Lair:3        Slime (0/5) Lair:5
    Orc (2/2) D:12            Elf (3/3) Orc:2        Vaults (5/5) D:14
  Crypt (0/3) Vaults:2     Depths (5/5) D:15            Zot (5/5) Depths:5

Altars:
Ashenzari
Cheibriados
Dithmenos
Elyvilon
Fedhas
Gozag
Hepliaklqana
Kikubaaqudgha
Makhleb
Nemelex Xobeh
Okawaru
Qazlal
Ru
Sif Muna
Trog
Uskayaw
Vehumet
Wu Jian
Xom
Yredelemnul
Zin
The Shining One
Beogh
Jiyva

Shops:
D:9 !   D:14 (   Orc:2 *(=[   Elf:2 ?!?((   Elf:3 :   Vaults:1 *   Vaults:5 (
Depths:2 *   Depths:4 *

Portals:
Hell: Depths:1 Depths:2 Depths:3 Depths:4 Depths:5
Abyss: Depths:3 Depths:4
Pandemonium: Depths:3 Depths:4
Ziggurat: Depths:3


Innate Abilities, Weirdness & Mutations

Shadows flee at your approach. (+LOS)
You can swim through water.
You cover ground slowly.
You can hop longer distances.
You have a pair of small antennae on your head.
You are partially covered in yellow scales. (AC +2)
Your skin changes colour to match your surroundings (Stealth+).
You possess an exceptional clarity of mind.
You are dopey. (Int -2)
You do not regenerate when monsters are visible.


Message History

You block the Orb Guardian's attack.
You slash the Orb Guardian!
The Orb Guardian is severely wounded.
You block the Orb Guardian's attack.
You hit the Orb Guardian.
The Orb Guardian is severely wounded.
The Orb Guardian completely misses you.
You riposte.
You slash the Orb Guardian!
The Orb Guardian is almost dead.
You closely miss the Orb Guardian.
The Orb Guardian is almost dead.
You slash the Orb Guardian!
You kill the Orb Guardian!
Makhleb accepts your kill.
You feel better.
No target in view!
No target in view!
No target in view!
There is a staircase leading out of the dungeon here.
You have escaped!

###........................#
# ##.###########.########..#
#...#.........# #..#
####.#...........# #..#
#.#.####.#######.# #..#
.#.......# ##.##
####.(###### .##.###..#
####...####.†......... .#.##
#.####.........#####.######
#.##
##.#.......@.......##(######
..#
#.)####.......(.####........
### #..#
####...####..#...##### .#
#..# ##.## #.##...# # ##
#..#######..# #.#....# # #
#...........#####.#....#####
#.#########.##.............#
#........##.#.).#.#..#.###.#
########.##.......#.....#...


There were no monsters in sight!

Vanquished Creatures
  7 orbs of fire
  3 ancient liches (Zot:5)
  The ghost of MackTheKnife the Hoplite, a master DsCK of Xom (Zot:5)
  Mennas (Vaults:3)
  2 juggernauts
  Bai Suzhen (Spider:3)
  8 caustic shrikes
  8 Killer Klowns
  4 curse toes
  13 golden dragons
  4 pandemonium lords
  The ghost of Murumi the Warrior, a veteran GrFi of Elyvilon (Vaults:5)
  A bone dragon (Zot:4)
  3 electric golems (Zot:5)
  13 tentacled monstrosities
  9 liches
  30 Orb Guardians
  6 titans
  3 quicksilver dragons
  2 deep elf blademasters
  4 sphinxes
  19 death cobs
  A kraken (Shoals:4)
  Frances (Elf:1)
  6 tengu reavers
  13 shadow dragons
  15 storm dragons
  Ilsuiw (Shoals:4)
  4 draconian monks
  A revenant (Vaults:2)
  5 iron dragons
  3 draconian scorchers (Zot:4)
  4 draconian knights
  11 frost giants
  11 ghost moths
  5 fire giants
  An orc warlord (Orc:2)
  11 deep elf sorcerers
  14 vault wardens
  5 draconian shifters
  3 balrugs
  5 deep elf elementalists
  2 draconian stormcallers
  5 emperor scorpions
  A reaper (D:8)
  30 very ugly things
  2 war gargoyles
  13 ironheart preservers
  7 entropy weavers
  6 draconian annihilators
  40 stone giants
  A spriggan defender (Depths:3)
  The ghost of Ordine the Geomancer, a journeyman GrEE of Vehumet (Lair:5)
  11 green draconians
  2 vampire knights
  15 black draconians
  11 deep elf demonologists
  12 white draconians
  14 red draconians
  11 deep elf annihilators
  11 yellow draconians
  A lorocyproca (Depths:4)
  14 purple draconians
  Azrael (D:14)
  2 spark wasps (Spider:4)
  11 crystal guardians (Depths:4)
  4 deep elf death magi
  A blizzard demon (Depths:3)
  Snorg (D:11)
  16 fire dragons
  21 ettins
  A green death (Zot:4)
  9 merfolk impalers
  6 merfolk javelineers
  4 great orbs of eyes
  A naga warrior (Depths:4)
  9 yaktaur captains
  A jiangshi (Vaults:2)
  9 rakshasas
  7 deep elf high priests
  17 ogre magi
  20 ice dragons
  A hell beast (D:4)
  3 spriggan air magi
  27 vault guards
  A juggernaut simulacrum (Depths:4)
  2 alligator snapping turtles
  2 satyrs
  9 centaur warriors
  2 catoblepae
  A death knight (Vaults:1)
  A merfolk avatar (Shoals:4)
  7 hydras
  52 two-headed ogres
  4 merfolk aquamancers
  21 dancing weapons
  An alligator (shapeshifter) (Vaults:1)
  7 death yaks
  11 deep troll shamans
  A death yak (shapeshifter) (Vaults:5)
  2 vampire magi (Depths:2)
  7 deep troll earth magi
  An orc high priest (Orc:2)
  7 tengu warriors
  Sonja (Orc:2)
  Urug (D:14)
  8 spriggan berserkers
  3 hell knights
  A shock serpent (shapeshifter) (Vaults:4)
  3 sun demons
  3 soul eaters
  21 deep elf knights
  4 skeletal warriors
  A sixfirhy (D:8)
  8 iron trolls
  A shadow wraith (Vaults:4)
  11 sea snakes
  5 unseen horrors
  A cherub (D:3)
  A large abomination (Vaults:5)
  21 deep trolls
  A naga ritualist (Depths:4)
  17 deep elf archers
  5 flayed ghosts
  A phantasmal warrior (Vaults:4)
  An orange crystal statue (Depths:4)
  The ghost of Eptagon the Destroyer, a novice DECj of Vehumet (Bailey)
  A swamp dragon (Lair:6)
  A glowing orange brain (Depths:3)
  5 harpies
  3 necromancers
  3 wizards
  Pikel (D:7)
  18 ironbrand convokers
  27 wolf spiders
  15 orc knights
  64 deep elf magi
  A harpy (shapeshifter) (Depths:5)
  16 manticores
  24 orb spiders
  2 lindwurms
  5 orc sorcerers
  47 ugly things
  3 oklob plants
  10 fauns
  A glowing shapeshifter (Vaults:4)
  21 cyclopes
  34 moths of wrath
  9 elephants
  A smoke demon (Depths:2)
  9 black mambas
  A guardian serpent (shapeshifter) (Vaults:2)
  A black mamba (shapeshifter) (D:14)
  An ice statue (IceCv)
  A guardian serpent (Lair:6)
  9 merfolk sirens
  4 centaur zombies
  12 vault sentinels
  9 water nymphs
  2 rust devils
  A molten gargoyle (Volcano)
  A torpor snail (Spider:2)
  2 gargoyles
  19 spiny frogs
  A kobold demonologist (D:10)
  4 rime drakes
  A komodo dragon (shapeshifter) (Elf:3)
  10 freezing wraiths
  24 demonic crawlers
  An efreet (D:14)
  44 yaktaurs
  2 hellwings
  13 komodo dragons
  3 ice devils
  21 polar bears
  7 tengu conjurers
  2 elf skeletons (Depths:4)
  An entropy weaver simulacrum (Vaults:2)
  2 meliai (shapeshifter)
  2 red devils (D:3)
  39 jumping spiders
  12 trolls
  28 merfolk
  4 tyrant leeches (Spider:2)
  7 wind drakes
  2 human skeletons (Vaults:2)
  A queen bee (shapeshifter) (Depths:4)
  23 hornets
  20 blink frogs
  A wolf spider simulacrum (D:15)
  A hornet (shapeshifter) (D:14)
  An ettin zombie (Vaults:2)
  11 dream sheep
  Prince Ribbit (D:9)
  16 slime creatures
  A dream sheep (shapeshifter) (Depths:2)
  10 snapping turtles
  15 hippogriffs
  68 redbacks
  7 air elementals
  9 spriggans
  3 ynoxinuls
  Sigmund (D:6)
  A shadow (D:14)
  32 tarantellas
  4 wraiths
  25 water elementals
  Eustachio (Temple)
  61 yaks
  9 wyverns
  A hog (shapeshifter) (Vaults:4)
  3 hogs (D:8)
  A human (D:8)
  A basilisk (shapeshifter) (Vaults:3)
  16 fire bats (Volcano)
  A basilisk (D:15)
  2 chaos spawn
  5 vampire mosquitoes
  4 steam dragons
  4 hungry ghosts
  3 neqoxecs
  5 fire elementals
  5 acid dragons
  2 soldier ants
  7 wargs
  21 water moccasins
  2 hell hounds
  7 porcupines
  3 swamp drakes (Lair:6)
  7 ice beasts
  49 orc warriors
  A slave (D:7)
  A hornet zombie (D:15)
  An eye of draining (D:10)
  2 phantoms
  4 black bears
  A black bear (shapeshifter) (Vaults:3)
  2 eyes of draining (shapeshifter)
  A human zombie (Vaults:2)
  2 sky beasts
  49 ogres
  A wolf (shapeshifter) (Vaults:5)
  31 wolves
  9 crocodiles
  31 centaurs
  A crocodile (shapeshifter) (Elf:2)
  4 big kobolds
  Blork the orc (D:5)
  23 bullfrogs
  6 earth elementals
  A water moccasin zombie (D:7)
  A wyvern skeleton (D:6)
  7 scorpions
  10 killer bees
  8 wights
  3 howler monkeys
  6 electric eels
  2 bullfrog zombies
  8 crimson imps
  4 lava snakes (Volcano)
  7 hounds
  A quasit (D:3)
  7 jellies
  Crazy Yiuf (D:7)
  4 centaur skeletons
  A human simulacrum (Vaults:2)
  24 orc priests
  A bullfrog skeleton (D:12)
  29 orc wizards
  9 iguanas
  8 worker ants
  Ijyb (Temple)
  A hound skeleton (D:8)
  3 gnolls (D:5)
  A worker ant zombie (D:6)
  6 adders
  5 shadow imps
  A white imp (D:15)
  4 oozes
  An adder zombie (D:9)
  3 adder skeletons
  5 dart slugs
  4 leopard geckos
  112 orcs
  A ball python (D:2)
  5 giant cockroaches
  2 gnoll zombies (D:7)
  6 goblins
  9 hobgoblins
  6 jackals
  3 quokkas
  13 bats
  5 frilled lizards
  38 kobolds
  9 rats
  4 plants
  4 tentacles (Shoals:4)
2554 creatures vanquished.

Vanquished Creatures (collateral kills)
  2 caustic shrikes (Depths:4)
  A golden dragon (Depths:2)
  A titan (Depths:2)
  A deep elf elementalist (Elf:3)
  Louise (D:14)
  A stone giant (Depths:4)
  3 very ugly things (Depths:2)
  A deep elf annihilator (Elf:3)
  A great orb of eyes (Depths:2)
  A yaktaur captain (Depths:2)
  A rakshasa (Depths:2)
  2 vault guards (D:14)
  The ghost of ciphuk the Nimble, a journeyman KoHu of Dithmenos (D:10)
  A deep troll earth mage (Depths:1)
  2 dancing weapons (Elf:2)
  An iron troll (Zot:3)
  3 deep trolls (Depths:1)
  An orb spider (Spider:4)
  2 ugly things
  2 cyclopes (Zot:3)
  A merfolk siren (Shoals:4)
  A tengu conjurer (Depths:1)
  2 demonic crawlers (Spider:4)
  A jumping spider (Spider:4)
  A hornet (Spider:4)
  A hippogriff (D:10)
  A tarantella (Spider:4)
  A redback (Spider:4)
  A water elemental (Depths:2)
  A hungry ghost (D:12)
  4 orc warriors (Orc:2)
  A crimson imp (D:14)
  2 orc priests
  3 orc wizards (Orc:2)
  4 orcs
54 creatures vanquished.

Vanquished Creatures (others)
  A deep elf master archer (Elf:3)
  A ghost moth (Spider:2)
  A fire giant (Vaults:4)
  A draconian stormcaller (Zot:4)
  A very ugly thing (Vaults:4)
  6 stone giants
  A white draconian (Zot:4)
  3 yaktaur captains
  A merfolk javelineer (Shoals:4)
  2 vault guards (Vaults:4)
  A rakshasa (Depths:1)
  An ogre mage (Vaults:4)
  A satyr (Shoals:4)
  2 centaur warriors
  A merfolk aquamancer (Shoals:4)
  A shock serpent (shapeshifter) (Vaults:4)
  A wizard (Vaults:1)
  An orc knight (Vaults:4)
  2 ironbrand convokers (Vaults:4)
  3 deep elf magi
  9 deep elf archers
  An orb spider (Spider:4)
  2 cyclopes
  3 fauns
  22 yaktaurs
  2 jumping spiders (Spider:4)
  A merfolk (Shoals:2)
  2 tarantellas
  An orc warrior (Vaults:4)
  A wolf (IceCv)
  9 centaurs
  3 ogres
  A crimson imp (D:14)
  A hound (D:7)
  6 orcs
  A jackal (D:7)
  8 fungi
  24 plants
  4 tentacles (Shoals:4)
133 creatures vanquished.

Grand Total: 2741 creatures vanquished

Notes
Turn   | Place    | Note
-------+----------+-------------------------------------------
     0 | D:1      | GordonOverkill the Barachi Berserker began the quest for the Orb.
     0 | D:1      | Reached XP level 1. HP: 18/18 MP: 1/1
    92 | D:1      | Reached XP level 2. HP: 17/25 MP: 2/2
   830 | D:2      | Reached XP level 3. HP: 30/30 MP: 3/3
  1473 | D:2      | Reached XP level 4. HP: 35/37 MP: 4/4
  1969 | D:3      | Reached ** piety under Trog
  3071 | D:4      | Noticed an ogre
  3076 | D:4      | Killed an ogre
  3076 | D:4      | Reached skill level 5 in Long Blades
  3076 | D:4      | Reached XP level 5. HP: 43/43 MP: 5/5
  3381 | D:5      | Entered Level 5 of the Dungeon
  3383 | D:5      | Noticed a centaur
  3399 | D:5      | Killed a centaur
  3399 | D:5      | Reached XP level 6. HP: 15/50 MP: 0/6
  3684 | D:5      | Found a radiant altar of Vehumet.
  3839 | D:5      | Reached skill level 5 in Fighting
  3843 | D:5      | Found a staircase to the Ecumenical Temple.
  4027 | D:5      | Found a shadowy altar of Dithmenos.
  4047 | D:5      | Noticed Eustachio
  4048 | D:5      | Noticed Ijyb
  4084 | Temple   | Entered the Ecumenical Temple
  4332 | Temple   | Killed Ijyb
  4342 | Temple   | Killed Eustachio
  4342 | Temple   | Reached XP level 7. HP: 55/56 MP: 4/7
  4626 | D:5      | Found a hide-covered altar of Uskayaw.
  4635 | D:5      | Found a shimmering altar of Xom.
  4702 | D:5      | Reached skill level 5 in Armour
  4702 | D:5      | Reached skill level 5 in Dodging
  4702 | D:5      | Reached XP level 8. HP: 64/64 MP: 6/8
  4745 | D:5      | Found an iron altar of Okawaru.
  4745 | D:5      | Noticed Blork the orc
  4779 | D:5      | Killed Blork the orc
  4960 | D:5      | Found a sacrificial altar of Ru.
  4963 | D:5      | Found a hazy altar of Hepliaklqana.
  4970 | D:5      | Found a blossoming altar of Fedhas.
  5269 | D:6      | Noticed Sigmund
  5282 | D:6      | Killed Sigmund
  5769 | D:6      | Reached *** piety under Trog
  6236 | D:6      | Reached XP level 9. HP: 65/72 MP: 9/9
  7010 | D:7      | Noticed Pikel
  7019 | D:7      | Reached **** piety under Trog
  7030 | D:7      | Killed Pikel
  7030 | D:7      | Reached skill level 10 in Long Blades
  7051 | D:7      | Found a snail-covered altar of Cheibriados.
  7053 | D:7      | Found a glowing silver altar of Zin.
  7467 | D:7      | Found a basalt altar of Yredelemnul.
  7530 | D:7      | Found a runed door.
  7534 | D:7      | Noticed Crazy Yiuf
  7537 | D:7      | Killed Crazy Yiuf
  7892 | D:8      | Reached XP level 10. HP: 80/80 MP: 10/10
  8361 | D:8      | Found a shattered altar of Ashenzari.
  8490 | D:8      | Found a white marble altar of Elyvilon.
  9425 | D:9      | Noticed Prince Ribbit
  9436 | D:9      | Killed Prince Ribbit
 10399 | D:9      | Found Binovife's Distillery.
 10402 | D:9      | Bought a potion of haste for 120 gold pieces
 10402 | D:9      | Bought a potion of haste for 120 gold pieces
 10402 | D:9      | Bought a potion of heal wounds for 60 gold pieces
 10402 | D:9      | Bought a potion of agility for 48 gold pieces
 10500 | D:9      | Found a staircase to the Lair.
 10713 | D:10     | Entered Level 10 of the Dungeon
 10752 | D:10     | Noticed a two-headed ogre
 10760 | D:10     | Killed a two-headed ogre
 10760 | D:10     | Reached XP level 11. HP: 89/89 MP: 3/11
 10861 | D:10     | Reached ***** piety under Trog
 10938 | D:10     | Noticed a red ugly thing
 10950 | D:10     | Killed a red ugly thing
 11284 | D:10     | Noticed a two-headed ogre
 11291 | D:10     | Killed a two-headed ogre
 11291 | D:10     | Reached skill level 10 in Fighting
 11292 | D:10     | Noticed ciphuk's ghost (journeyman KoHu)
 11343 | D:10     | Killed ciphuk's ghost
 11652 | D:10     | Noticed a two-headed ogre
 11657 | D:10     | Killed a two-headed ogre
 11657 | D:10     | Reached skill level 10 in Armour
 11964 | D:11     | Received a gift from Trog
 12071 | D:11     | Noticed a two-headed ogre
 12078 | D:11     | Killed a two-headed ogre
 12127 | D:11     | Noticed Snorg
 12138 | D:11     | Reached XP level 12. HP: 92/99 MP: 12/12
 12143 | D:11     | Killed Snorg
 12882 | D:12     | Reached skill level 10 in Dodging
 14018 | D:12     | Found a staircase to the Orcish Mines.
 14088 | D:12     | Noticed a centaur warrior
 14097 | D:12     | Killed a centaur warrior
 14348 | D:12     | Noticed a two-headed ogre
 14366 | D:12     | Killed a two-headed ogre
 14579 | D:13     | Noticed a centaur warrior
 14584 | D:13     | Killed a centaur warrior
 14647 | D:13     | Found a flagged portal.
 14660 | Bailey   | Entered a bailey
 14800 | Bailey   | Noticed Eptagon's ghost (novice DECj)
 14829 | Bailey   | Killed Eptagon's ghost
 14946 | Bailey   | Found a bloodstained altar of Trog.
 15004 | D:13     | Received a gift from Trog
 15004 | D:13     | Reached skill level 1 in Shields
 15062 | D:13     | Gained mutation: You can hop longer distances. [Barachi growth]
 15062 | D:13     | Reached XP level 13. HP: 106/109 MP: 13/13
 15657 | D:13     | Reached skill level 5 in Shields
 16025 | D:14     | Found Rib Jank's Weapon Shoppe.
 16950 | D:14     | Noticed Azrael
 16979 | D:14     | Noticed Urug
 16981 | D:14     | Killed Azrael
 16988 | D:14     | Killed Urug
 17791 | D:14     | Noticed a vault guard
 17791 | D:14     | Noticed a vault guard
 17791 | D:14     | Noticed a vault guard
 17791 | D:14     | Noticed a vault guard
 17811 | D:14     | Killed a vault guard
 17816 | D:14     | Killed a vault guard
 17831 | D:14     | Reached skill level 10 in Shields
 17840 | D:14     | Killed a vault guard
 17840 | D:14     | Reached XP level 14. HP: 37/119 MP: 14/14
 18173 | D:14     | Found a gate to the Vaults.
 18241 | D:14     | Noticed Louise
 18287 | D:14     | Killed Louise
 18761 | D:15     | Entered Level 15 of the Dungeon
 19119 | D:15     | Found a staircase to the Depths.
 19188 | D:15     | Found a frozen archway.
 19236 | IceCv    | Entered an ice cave
 19750 | IceCv    | Received a gift from Trog
 20242 | IceCv    | Reached skill level 15 in Fighting
 20492 | IceCv    | Noticed a frost giant
 20503 | IceCv    | Killed a frost giant
 20561 | IceCv    | Got a jewelled hat
 20572 | IceCv    | Identified the +1 hat of the Kangaroo {rElec rN+++ Int-2 Stlth+} (You found it in an ice cave)
 20838 | D:15     | Found a glowing golden altar of the Shining One.
 20922 | D:15     | Reached XP level 15. HP: 106/129 MP: 15/15
 22007 | Lair:1   | Entered Level 1 of the Lair of Beasts
 22716 | Lair:2   | Found a labyrinth entrance.
 22975 | Lair:2   | Received a gift from Trog
 23700 | Lair:3   | Found a staircase to the Shoals.
 23925 | Lair:3   | Found a hole to the Spider Nest.
 23932 | Lair:3   | Reached skill level 15 in Shields
 24804 | Lair:4   | Reached ****** piety under Trog
 24875 | Lair:4   | Received a gift from Trog
 25465 | Lair:5   | Found a viscous altar of Jiyva.
 25466 | Lair:5   | Found a staircase to the Slime Pits.
 25479 | Lair:5   | Noticed Ordine's ghost (journeyman GrEE)
 25495 | Lair:5   | Killed Ordine's ghost
 25572 | Lair:5   | Reached XP level 16. HP: 94/139 MP: 16/16
 25598 | Lair:5   | Found a dark tunnel.
 25643 | Volcano  | Entered a volcano
 26043 | Volcano  | Found a bloodstained altar of Trog.
 26132 | Volcano  | Received a gift from Trog
 26657 | Lair:6   | Entered Level 6 of the Lair of Beasts
 27702 | Lair:6   | Received a gift from Trog
 28645 | Orc:1    | Entered Level 1 of the Orcish Mines
 29078 | Orc:2    | Entered Level 2 of the Orcish Mines
 29085 | Orc:2    | Received a gift from Trog
 29420 | Orc:2    | Noticed Sonja
 29684 | Orc:1    | Received a gift from Trog
 29943 | Orc:2    | Found a roughly hewn altar of Beogh.
 29972 | Orc:2    | Killed Sonja
 30003 | Orc:2    | Found Iby Fokk's Antique Armour Shoppe.
 30386 | Orc:2    | Found Lush's Antique Weapon Shoppe.
 30398 | Orc:2    | Found a staircase to the Elven Halls.
 30690 | Orc:2    | Found Fiuforib's Jewellery Shoppe.
 30705 | Orc:2    | Found Vonoik's General Store.
 30712 | Orc:2    | Bought a potion of curing for 39 gold pieces
 30832 | Orc:1    | Received a gift from Trog
 30947 | D:9      | Bought a potion of might for 48 gold pieces
 30947 | D:9      | Bought a potion of heal wounds for 60 gold pieces
 30947 | D:9      | Bought a potion of invisibility for 96 gold pieces
 31012 | Shoals:1 | Entered Level 1 of the Shoals
 31099 | Shoals:1 | Reached XP level 17. HP: 149/149 MP: 17/17
 32306 | Shoals:2 | Got an ichor-stained hat
 32307 | Shoals:2 | Identified the +0 hat of the Wumpus {rF+ MR+ Str+3} (You found it on level 2 of the Shoals)
 32345 | Shoals:2 | Found an ancient bone altar of Kikubaaqudgha.
 33141 | Shoals:2 | Found a flickering gateway to a bazaar.
 33146 | Bazaar   | Entered a bazaar
 33148 | Bazaar   | Found Hamoa's Distillery.
 33151 | Bazaar   | Found Adoan's Jewellery Boutique.
 33152 | Bazaar   | Found Awoll's Food Boutique.
 33153 | Bazaar   | Found Pyqexzef's Weapon Boutique.
 33181 | Bazaar   | Bought the cursed ring of Kuhouplu {rF+ MR+ Dex-2} for 193 gold pieces
 33192 | Bazaar   | Bought a potion of agility for 52 gold pieces
 33192 | Bazaar   | Bought a potion of agility for 52 gold pieces
 33192 | Bazaar   | Bought a potion of heal wounds for 65 gold pieces
 33192 | Bazaar   | Bought a potion of ambrosia for 104 gold pieces
 33192 | Bazaar   | Bought a potion of haste for 130 gold pieces
 33192 | Bazaar   | Bought a potion of mutation for 104 gold pieces
 33192 | Bazaar   | Bought a potion of heal wounds for 65 gold pieces
 33192 | Bazaar   | Bought a potion of haste for 130 gold pieces
 33236 | Shoals:3 | Found Nouwkioxa's Antique Weapon Emporium.
 33539 | Shoals:3 | Got a bound pewter ring
 33716 | Shoals:3 | Identified the ring "Byodeav" {Ice MR+ Str+4 Int-5 Stlth+} (You took it off a merfolk siren on level 3 of the Shoals)
 34238 | Shoals:4 | Entered Level 4 of the Shoals
 34718 | Shoals:4 | Received a gift from Trog
 34869 | Shoals:4 | Got a slimy steel ring
 34870 | Shoals:4 | Identified the ring "Demyz" {Dex+3 SInv} (You found it on level 4 of the Shoals)
 35162 | Shoals:4 | Noticed a kraken
 35189 | Shoals:4 | Killed a kraken
 35426 | Shoals:4 | Noticed Ilsuiw
 35451 | Shoals:4 | Reached XP level 18. HP: 132/160 MP: 18/18
 35554 | Shoals:4 | Killed Ilsuiw
 35853 | Shoals:4 | Got a barnacled rune of Zot
 36015 | Spider:1 | Entered Level 1 of the Spider Nest
 36632 | Spider:2 | Received a gift from Trog
 38481 | Spider:3 | Received a gift from Trog
 38891 | Spider:3 | Noticed Bai Suzhen
 38913 | Spider:3 | Killed Bai Suzhen
 38913 | Spider:3 | Reached XP level 19. HP: 169/169 MP: 19/19
 39377 | Spider:4 | Entered Level 4 of the Spider Nest
 39983 | Spider:4 | Received a gift from Trog
 40777 | Spider:4 | Got a gossamer rune of Zot
 41160 | Vaults:1 | Entered Level 1 of the Vaults
 41485 | Vaults:1 | Received a gift from Trog
 42093 | Vaults:1 | Reached XP level 20. HP: 179/180 MP: 20/20
 42754 | Vaults:1 | Received a gift from Trog
 43353 | Vaults:1 | Found Fiseyggi's General Store.
 44059 | Vaults:2 | Found a staircase to the Crypt.
 44554 | Vaults:2 | Received a gift from Trog
 45727 | Vaults:3 | Reached XP level 21. HP: 167/189 MP: 21/21
 46527 | Vaults:4 | Noticed Mennas
 47296 | Vaults:4 | Received a gift from Trog
 47921 | Vaults:4 | Found a gateway to a bazaar.
 47945 | Bazaar   | Entered a bazaar
 47945 | Bazaar   | Found Rachiac's Gadget Emporium.
 47945 | Bazaar   | Found Kiesk's Gadget Shop.
 47945 | Bazaar   | Found Emnuosue's Gadget Shoppe.
 47945 | Bazaar   | Found Dayhiph's Assorted Antiques.
 47996 | Bazaar   | Found Tyqeusuw's Antique Weapon Shoppe.
 47996 | Bazaar   | Found Wooh's Magic Scroll Boutique.
 48018 | Bazaar   | Bought a wand of digging (17/24) for 504 gold pieces
 48027 | Bazaar   | Bought a scroll of teleportation for 72 gold pieces
 48027 | Bazaar   | Bought a scroll of identify for 48 gold pieces
 48027 | Bazaar   | Bought a scroll of identify for 48 gold pieces
 48030 | Bazaar   | Bought 3 scrolls of enchant armour for 337 gold pieces
 48030 | Bazaar   | Bought a scroll of identify for 30 gold pieces
 48030 | Bazaar   | Bought 2 scrolls of identify for 60 gold pieces
 48030 | Bazaar   | Bought a scroll of identify for 30 gold pieces
 48030 | Bazaar   | Bought a scroll of identify for 30 gold pieces
 48030 | Bazaar   | Bought a scroll of identify for 30 gold pieces
 48030 | Bazaar   | Bought a scroll of teleportation for 45 gold pieces
 48402 | Vaults:3 | Killed Mennas
 48684 | Elf:1    | Entered Level 1 of the Elven Halls
 48691 | Elf:1    | Received a gift from Trog
 49191 | Elf:1    | Received a gift from Trog
 50142 | Elf:1    | Noticed Frances
 50149 | Elf:1    | Killed Frances
 50260 | Elf:2    | Found Wizay's Distillery.
 50373 | Elf:2    | Found Hikerem's Weapon Boutique.
 50373 | Elf:2    | Found Feesh's Magic Scroll Shop.
 50379 | Elf:2    | Found Efilat's Weapon Boutique.
 50388 | Elf:2    | Bought a scroll of identify for 26 gold pieces
 50388 | Elf:2    | Bought a scroll of teleportation for 39 gold pieces
 50388 | Elf:2    | Bought a scroll of summoning for 123 gold pieces
 50388 | Elf:2    | Bought a scroll of fear for 45 gold pieces
 50409 | Elf:2    | Reached XP level 22. HP: 204/204 MP: 7/22
 50464 | Elf:2    | Got a twitching diamond amulet
 50465 | Elf:2    | Identified the amulet of Zauxtang {Gourm rPois SInv} (You found it on level 2 of the Elven Halls)
 50473 | Elf:2    | Bought a potion of resistance for 170 gold pieces
 50473 | Elf:2    | Bought a potion of curing for 51 gold pieces
 50473 | Elf:2    | Bought a potion of mutation for 136 gold pieces
 50473 | Elf:2    | Bought a potion of curing for 51 gold pieces
 50473 | Elf:2    | Bought a potion of curing for 51 gold pieces
 50473 | Elf:2    | Bought a potion of heal wounds for 85 gold pieces
 50473 | Elf:2    | Bought a potion of haste for 170 gold pieces
 50473 | Elf:2    | Bought a potion of agility for 68 gold pieces
 50473 | Elf:2    | Bought a potion of mutation for 136 gold pieces
 50473 | Elf:2    | Bought a potion of haste for 170 gold pieces
 50473 | Elf:2    | Bought a potion of heal wounds for 85 gold pieces
 50480 | Elf:2    | Got a pitted granite ring
 50591 | Elf:2    | Received a gift from Trog
 50813 | Elf:2    | Found a huge runed gate.
 50813 | Elf:2    | Found a huge runed gate.
 50813 | Elf:2    | Found a huge runed gate.
 50813 | Elf:2    | Found a huge runed gate.
 50819 | Elf:2    | Found a huge runed gate.
 50900 | Elf:2    | Found Qaron's Magic Scroll Emporium.
 51080 | Elf:2    | Identified the ring of Beceebb {rPois rN+ Str-2 Int+9 Dex+3} (You took it off a deep elf knight on level 2 of the Elven Halls)
 51892 | Elf:3    | Entered Level 3 of the Elven Halls
 52196 | Elf:3    | Found a radiant altar of Vehumet.
 52214 | Elf:3    | Received a gift from Trog
 52279 | Elf:3    | Found Seabbiap's Book Shop.
 53396 | Elf:3    | Received a gift from Trog
 53566 | Elf:3    | Reached skill level 27 in Fighting
 53789 | Elf:3    | Identified Vehumet's Papyrus of Attacks
 53792 | Elf:3    | Identified Sif Muna's Grimoire of the Damaging Glacier
 53860 | Elf:3    | Identified Sif Muna's Tome of Damaging Lightness
 54330 | Depths:1 | Entered Level 1 of the Depths
 54693 | Depths:1 | Reached XP level 23. HP: 184/219 MP: 7/23
 55100 | Depths:1 | Received a gift from Trog
 56214 | Depths:1 | Found a gateway to Hell.
 56493 | Depths:2 | Noticed a juggernaut
 56881 | Depths:1 | Reached skill level 15 in Dodging
 56969 | Depths:2 | Killed a juggernaut
 57003 | Depths:2 | Noticed a caustic shrike
 57018 | Depths:1 | Killed a caustic shrike
 57508 | Depths:2 | Found Tapa's General Store.
 57522 | Depths:2 | Bought a scroll of identify for 32 gold pieces
 57868 | Depths:2 | Got a crude plate armour
 57870 | Depths:2 | Identified the +3 plate armour of Intercession {Stlth+} (You took it off a rakshasa on level 2 of the Depths)
 57898 | Depths:2 | Got a pair of pitted boots
 57904 | Depths:2 | Identified the +0 pair of boots of Indecent Exposure {+Blink rF- Str+8 Int-5} (You found it on level 2 of the Depths)
 57932 | Depths:2 | Received a gift from Trog
 58169 | Depths:2 | Received a gift from Trog
 58169 | Depths:2 | Reached XP level 24. HP: 207/227 MP: 23/23
 59512 | Depths:3 | Received a gift from Trog
 59917 | Depths:3 | Identified a scroll of acquirement
 59918 | Depths:3 | Found a gateway to a ziggurat.
 59925 | Depths:3 | Got a pair of warped boots
 59926 | Depths:3 | Identified the +4 pair of boots of Resourcefulness {MR+} (You acquired it on level 3 of the Depths)
 60120 | Depths:3 | Found a one-way gate leading to the halls of Pandemonium.
 60442 | Depths:3 | Found a one-way gate to the infinite horrors of the Abyss.
 61384 | Depths:4 | Found a deep blue altar of Sif Muna.
 61965 | Depths:4 | Received a gift from Trog
 62422 | Depths:4 | Found Wievet's Serpentskin Sales.
 62641 | Depths:4 | Found a sparkling altar of Nemelex Xobeh.
 63224 | Depths:5 | Entered Level 5 of the Depths
 63224 | Depths:5 | Noticed a caustic shrike
 63224 | Depths:5 | Noticed a caustic shrike
 63224 | Depths:5 | Noticed a caustic shrike
 63224 | Depths:5 | Noticed a caustic shrike
 63224 | Depths:5 | Noticed a caustic shrike
 63407 | Depths:4 | Killed a caustic shrike
 63412 | Depths:4 | Killed a caustic shrike
 63412 | Depths:4 | Reached XP level 25. HP: 231/234 MP: 23/23
 63941 | Depths:4 | Received a gift from Trog
 65227 | Depths:5 | Noticed a juggernaut
 65250 | Depths:5 | Killed a juggernaut
 65423 | Depths:5 | Found a gate to the Realm of Zot.
 66168 | Vaults:5 | Entered Level 5 of the Vaults
 66277 | Vaults:4 | Received a gift from Trog
 66399 | Vaults:4 | Reached XP level 26. HP: 242/242 MP: 23/23
 66638 | Vaults:5 | Noticed Murumi's ghost (veteran GrFi)
 67532 | Vaults:4 | Paralysed by a floating eye for 3 turns
 68417 | Vaults:5 | Killed Murumi's ghost
 68743 | Vaults:5 | Got a blackened chain mail
 68744 | Vaults:5 | Identified the +2 chain mail "Iloafuuh" {Str+3 Slay-4} (You found it on level 5 of the Vaults)
 69349 | Vaults:5 | Got a fine gossamer ring
 69366 | Vaults:5 | Got a translucent cloak
 69377 | Vaults:5 | Identified the +0 cloak of Wotoe {rPois rC+ MP+9} (You found it on level 5 of the Vaults)
 69377 | Vaults:5 | Identified the ring of Joonusu {Ice +Inv rElec Str-2 Int+5} (You took it off a vault sentinel on level 5 of the Vaults)
 69515 | Vaults:5 | Received a gift from Trog
 69573 | Vaults:5 | Found Axzus's Weapon Shoppe.
 69842 | Vaults:5 | Was placed under penance by Trog
 69849 | Vaults:5 | Learned a level 6 spell: Deflect Missiles
 69927 | Vaults:5 | Got a silver rune of Zot
 70372 | Temple   | Fell from the grace of Trog
 70372 | Temple   | Became a worshipper of Makhleb the Destroyer
 70690 | Depths:5 | Paralysed by Trog for 4 turns
 71029 | Lair:6   | Learned a level 2 spell: Blink
 71363 | Zot:1    | Entered Level 1 of the Realm of Zot
 72517 | Zot:1    | Reached XP level 27. HP: 240/249 MP: 23/23
 72559 | Zot:1    | Reached skill level 27 in Dodging
 72615 | Zot:1    | Noticed an orb of fire
 72628 | Zot:1    | Gained mutation: You are agile. (Dex +2) [an orb of fire]
 72635 | Zot:1    | Gained mutation: You are occasionally teleported next to monsters. [an orb of fire]
 73141 | Zot:1    | Reached * piety under Makhleb
 73220 | Zot:1    | Gained mutation: Your mind is acute. (Int +2) [an orb of fire]
 73221 | Zot:1    | Gained mutation: You are frail. (-10% HP) [an orb of fire]
 73232 | Zot:1    | Gained mutation: Scrolls take you a little longer to read. [an orb of fire]
 73248 | Zot:1    | Killed an orb of fire
 73645 | Zot:1    | Lost mutation: You are agile. (Dex +2) [potion of mutation]
 73645 | Zot:1    | Lost mutation: You are frail. (-10% HP) [potion of mutation]
 73645 | Zot:1    | Lost mutation: Your mind is acute. (Int +2) [potion of mutation]
 73645 | Zot:1    | Lost mutation: You are occasionally teleported next to monsters. [potion of mutation]
 73645 | Zot:1    | Lost mutation: Scrolls take you a little longer to read. [potion of mutation]
 73645 | Zot:1    | Gained mutation: You have an increased reservoir of magic. (+10% MP) [potion of mutation]
 73645 | Zot:1    | Gained mutation: You expend magic power (3 MP) to strengthen your wands. [potion of mutation]
 73645 | Zot:1    | Gained mutation: You are agile. (Dex +2) [potion of mutation]
 73680 | Zot:2    | Reached skill level 1 in Invocations
 74189 | Zot:2    | Paralysed by Trog for 5 turns
 74427 | Zot:2    | Reached skill level 15 in Armour
 74816 | Zot:2    | Reached skill level 5 in Invocations
 75040 | Zot:3    | Reached ** piety under Makhleb
 75523 | Zot:3    | Noticed an orb of fire
 75526 | Zot:3    | Gained mutation: You are frail. (-10% HP) [an orb of fire]
 75544 | Zot:3    | Gained mutation: You are very frail. (-20% HP) [an orb of fire]
 75551 | Zot:3    | Gained mutation: You are extremely frail. (-30% HP) [an orb of fire]
 75555 | Zot:3    | Gained mutation: You are dopey. (Int -2) [an orb of fire]
 75556 | Zot:3    | Gained mutation: Armour fits poorly on your strangely shaped body. [an orb of fire]
 75566 | Zot:3    | Gained mutation: Your spells are a little easier to cast, but a little less powerful. [an orb of fire]
 75567 | Zot:3    | Gained mutation: Your body sometimes deteriorates upon taking damage. [an orb of fire]
 75575 | Zot:3    | Killed an orb of fire
 75636 | Zot:3    | HP: 1/174 [iron troll[the rage of Trog] (18)]
 76530 | Zot:3    | Reached *** piety under Makhleb
 77723 | Zot:4    | Reached skill level 10 in Invocations
 77837 | Zot:4    | Noticed an orb of fire
 77871 | Zot:5    | Entered Level 5 of the Realm of Zot
 78255 | Zot:5    | Reached **** piety under Makhleb
 78418 | Zot:5    | Noticed MackTheKnife's ghost (master DsCK)
 78428 | Zot:5    | Noticed an ancient lich
 78444 | Zot:5    | Killed an ancient lich
 78556 | Zot:5    | Killed MackTheKnife's ghost
 78621 | Zot:5    | Noticed an orb of fire
 78875 | Zot:5    | Gained mutation: Scrolls take you a little longer to read. [an orb of fire]
 78890 | Zot:5    | Gained mutation: You tend to lose your temper in combat. [an orb of fire]
 78891 | Zot:5    | Killed an orb of fire
 78992 | Zot:5    | Lost mutation: You tend to lose your temper in combat. [potion of mutation]
 78992 | Zot:5    | Lost mutation: You are extremely frail. (-30% HP) [potion of mutation]
 78992 | Zot:5    | Lost mutation: You expend magic power (3 MP) to strengthen your wands. [potion of mutation]
 78992 | Zot:5    | Lost mutation: You are dopey. (Int -2) [potion of mutation]
 78992 | Zot:5    | Lost mutation: You are very frail. (-20% HP) [potion of mutation]
 78992 | Zot:5    | Lost mutation: Your spells are a little easier to cast, but a little less powerful. [potion of mutation]
 78992 | Zot:5    | Gained mutation: You are dopey. (Int -2) [potion of mutation]
 78992 | Zot:5    | Gained mutation: You have sharp toenails. [potion of mutation]
 78993 | Zot:5    | Lost mutation: Armour fits poorly on your strangely shaped body. [potion of mutation]
 78993 | Zot:5    | Lost mutation: You are agile. (Dex +2) [potion of mutation]
 78993 | Zot:5    | Lost mutation: Scrolls take you a little longer to read. [potion of mutation]
 78993 | Zot:5    | Lost mutation: Your body sometimes deteriorates upon taking damage. [potion of mutation]
 78993 | Zot:5    | Lost mutation: You are frail. (-10% HP) [potion of mutation]
 78993 | Zot:5    | Gained mutation: You are very dopey. (Int -4) [potion of mutation]
 78993 | Zot:5    | Gained mutation: Potions are less effective at restoring your health. [potion of mutation]
 78993 | Zot:5    | Gained mutation: Your skin changes colour to match your surroundings (Stealth+). [potion of mutation]
 78994 | Zot:5    | Lost mutation: You are very dopey. (Int -4) [potion of mutation]
 78994 | Zot:5    | Lost mutation: You are dopey. (Int -2) [potion of mutation]
 78994 | Zot:5    | Gained mutation: You have a pair of small antennae on your head. [potion of mutation]
 78994 | Zot:5    | Gained mutation: You possess an exceptional clarity of mind. [potion of mutation]
 78994 | Zot:5    | Gained mutation: You are partially covered in iridescent scales. (AC +2) [potion of mutation]
 79134 | Zot:5    | Noticed an orb of fire
 79176 | Zot:5    | Gained mutation: You are clumsy. (Dex -2) [an orb of fire]
 79212 | Zot:5    | Killed an orb of fire
 79506 | Zot:5    | Noticed an ancient lich
 79515 | Zot:5    | Killed an ancient lich
 80156 | Zot:4    | Reached ***** piety under Makhleb
 80311 | Zot:4    | Lost mutation: You have an increased reservoir of magic. (+10% MP) [an orb of fire]
 80313 | Zot:4    | Lost mutation: You possess an exceptional clarity of mind. [an orb of fire]
 80317 | Zot:4    | Gained mutation: Your spells are a little easier to cast, but a little less powerful. [an orb of fire]
 80348 | Zot:4    | Killed an orb of fire
 80566 | Zot:4    | Lost mutation: Potions are less effective at restoring your health. [potion of mutation]
 80566 | Zot:4    | Lost mutation: You are clumsy. (Dex -2) [potion of mutation]
 80566 | Zot:4    | Lost mutation: Your spells are a little easier to cast, but a little less powerful. [potion of mutation]
 80566 | Zot:4    | Lost mutation: You have sharp toenails. [potion of mutation]
 80566 | Zot:4    | Lost mutation: You are partially covered in iridescent scales. (AC +2) [potion of mutation]
 80566 | Zot:4    | Gained mutation: You are partially covered in yellow scales. (AC +2) [potion of mutation]
 80566 | Zot:4    | Gained mutation: You possess an exceptional clarity of mind. [potion of mutation]
 80648 | Zot:5    | Noticed an orb of fire
 80690 | Zot:5    | Killed an orb of fire
 80809 | Zot:5    | Noticed an ancient lich
 80819 | Zot:5    | Killed an ancient lich
 81165 | Zot:5    | Noticed an orb of fire
 81167 | Zot:5    | Gained mutation: You are dopey. (Int -2) [an orb of fire]
 81217 | Zot:5    | Killed an orb of fire
 81410 | Zot:5    | Got the Orb of Zot
 81504 | Zot:4    | Noticed Cuusu the pandemonium lord
 81527 | Zot:4    | Gained mutation: You do not regenerate when monsters are visible. [a cacodemon]
 81531 | Zot:4    | Killed Cuusu the pandemonium lord
 81565 | Zot:3    | Noticed Piheag the pandemonium lord
 81581 | Zot:3    | Killed Piheag the pandemonium lord
 81692 | Depths:4 | Noticed Emaqoq the pandemonium lord
 81904 | D:8      | Noticed Ohyg the pandemonium lord
 81923 | D:7      | Killed Ohyg the pandemonium lord
 81937 | D:6      | Noticed Ihed the pandemonium lord
 82024 | D:3      | Noticed Ebearch the pandemonium lord
 82032 | D:3      | Killed Ebearch the pandemonium lord
 82258 | D:$      | Escaped with the Orb!

Vault maps used:
D:1:      dpeg_arrival_rhombus
D:2:      cheibrodos_helix_gallery, first_bread, minivault_4
D:3:      kennysheep_path_1, minivault_26, minmay_misc_feat_diagonals,
          corexii_corridor_pit, bh_walls_and_bars
D:5:      okawaru_altar_gauntlet_db, vehumet_altar_wand_db,
          grunt_temple_overflow_diamond, amethyst_overflow_temple_binary,
          minmay_temple_entry_junction_2, grunt_dithmenos_smoke,
          uniq_blork_the_orc, uniq_ijyb, uniq_eustachio
D:6:      roderic_batcave, uniq_sigmund
D:7:      lemuel_zombie_altar_yredelemnul, grunt_temple_overflow_open,
          uniq_pikel, uniq_crazy_yiuf_cottage
D:8:      elyvilon_altar_1, lemuel_crystal_altar, grunt_livestock
D:9:      grunt_lair_entry_orc_guard_hut, serial_shops, kennysheep_mini_moat,
          fountainhead, uniq_prince_ribbit1
D:10:     minivault_19, roderic_bali_sauvastika
D:11:     kennysheep_cross_room, kennysheep_dice, uniq_snorg
D:12:     david_orc_4
D:13:     enter_bailey_2
D:14:     lightli_vaults_fourway_checkpoint, serial_shops, shop, spider_trap,
          uniq_louise, uniq_urug, uniq_azrael
D:15:     hangedman_depths_entry_civil_slaughter, old_standard_altar,
          serial_ice, serial_ice_j, serial_ice_b, serial_ice_e, serial_ice_o,
          portal_ice_cave_entry_animals_and_master
Temple:   cyrus_temple_forest
Lair:1:   st_stairs_8, beast_lair_carwin_9, lemuel_fruit_tree
Lair:2:   lab_entry_generic, minmay_lair_oklob_chamber
Lair:3:   elwin_shoals_entry_rocks, nicolae_spider_entry_tight_spaces,
          serial_bayou_lake_a, infiniplex_staircase_pool_2
Lair:4:   beast_lair_carwin_large_3, serial_bayou_shore_b, grunt_megastairs_4
Lair:5:   slime_altar_1, nicolae_volcano_entry_vermiform, guppyfry_lair_drakes
Lair:6:   guppyfry_lair_end_dragon, hangedman_lair_tendril_chambers
Shoals:2: serial_shops, bzr_entry_road, lemuel_centaur_altar
Shoals:3: serial_shops, nicolae_shop_crystal, nicolae_shoals_this_corrosion
Shoals:4: shoals_end_simple, shoals_ilsuiw_ice
Spider:2: hangedman_stitches_earthworm
Spider:3: uniq_bai_suzhen
Spider:4: spider_rune_water, nicolae_crawler_farm
Orc:2:    grunt_orc_cross, uniq_sonja
Elf:1:    eino_elf_arrival_sip, hangedman_elf_represent, uniq_frances
Elf:2:    serial_shops, nicolae_shop_crystal, lemuel_elevator, minmay_shoptagon
Elf:3:    minmay_elf_hall_quartered_circle, basic_altar, serial_shops,
          nicolae_shop_behind_doors, corner_web_ring
Vaults:1: nicolae_vaults_big_ls, hangedman_vaults_slice, v_misc_1,
          nicolae_vaults_network_barrier, st_star, vaults_room_door_ring,
          nicolae_vaults_border_crossing, vaults_dpeg_encased_lava,
          serial_shops, nicolae_shop_statue_plus
Vaults:2: nicolae_vaults_disjoint_gnomons, minmay_crypt_entry_simple_box,
          vaults_room_semicircle, nicolae_vaults_stairing_the_circle,
          grunt_vaults_hallway_short, ontoclasm_vaults_tryst, vaults_room_pool,
          vaults_room_fours, ontoclasm_vaults_gateway,
          vaults_standard_mumra_enter_the_diamond, vaults_room_pool
Vaults:3: hangedman_vaults_stretched_pinwheel, nicolae_vaults_circle_grid_b,
          st_lines, nicolae_vaults_little_squares_1, v_misc_33, v_pattern_5,
          vaults_dpeg_ring, v_misc_25, ontoclasm_vaults_loading_screen,
          ontoclasm_vaults_loading_screen, vaults_room_pool,
          hangedman_vaults_slice
Vaults:4: hangedman_vaults_cutoff, grunt_vaults_diagonal,
          nicolae_vaults_yaktaur_gun_rack, ontoclasm_vaults_bender,
          hangedman_vaults_restitches, nicolae_vaults_angled_halls,
          nicolae_vaults_rhombus_7, vaults_mumra_minichess,
          hangedman_vaults_corner_blocks, ontoclasm_vaults_idyll,
          dpeg_vaults_monster_row, hangedman_vaults_corner_blocks,
          nicolae_vaults_gold_heap, v_alt_pattern_1,
          hangedman_vaults_restitches, vaults_dpeg_hooks,
          ontoclasm_vaults_decontamination, serial_shops, freezing_bzr,
          uniq_mennas
Vaults:5: serial_shops
Depths:1: lightli_too_deep, serial_bayou_pond_a, hex_large, minmay_crystal_room,
          lemuel_flame_loot_1
Depths:2: minmay_heptahexagon, kennysheep_boxes, serial_shops,
          nicolae_shop_trees, hell_entry, infiniplex_staircase_star
Depths:3: nicolae_whirlpool, enter_ziggurat_b, rand_demon_pan_entry_8,
          abyss_entry_crystal, pf_coc_iceberg, roderic_lattice_a,
          grunt_ministairs_6
Depths:4: minmay_crystal_thing, rand_demon_pan_entry_1, serial_glass,
          glass_columns_c, glass_columns_a, abyss_entry_small_statue_room,
          old_standard_altar, pf_hell_entry_tar_spiral, guppyfry_shop_venom
Depths:5: grunt_zot_entry_alcove, dk_noncrumbling_4, hell_entry, hex_tiny,
          infiniplex_staircase_pool_lava
Zot:3:    lemuel_lake_of_fire
Zot:4:    grunt_zot_stairs_mandelzot, grunt_ministairs_10,
          st_small_dragon_hoard_2
Bazaar:   bazaar_minmay_cross, bazaar_minmay_generic_island
Bailey:   bailey_axe_3, bailey
IceCv:    ice_cave_caverns_02
Volcano:  volcano_grotto

Skill      XL: |  1  2  3  4  5  6  7  8  9 10 11 12 13 14 15 16 17 18 19 20 21 22 23 24 25 26 27 |
---------------+----------------------------------------------------------------------------------+-----
Fighting       | 4 5 6 7 8 9 10 12 13 15 16 18 19 20 21 22 24 27 | 27.0
Long Blades    | 4 5 6 7 9 10 12 14 | 14.4
Armour         | 3 4 5 6 7 9 10 12 24 | 24.4
Dodging        | 3 4 5 6 7 8 9 11 12 17 21 24 26 27 | 27.0
Shields        | 1 10 13 16 18 20 22 23 24 25 | 25.0
Invocations    | 14 | 14.7

Action                   |  1- 3 |  4- 6 |  7- 9 | 10-12 | 13-15 | 16-18 | 19-21 | 22-24 | 25-27 || total
-------------------------+-------+-------+-------+-------+-------+-------+-------+-------+-------++-------
Melee: Falchion          |    95 |   130 |   287 |   223 |       |       |       |       |       ||   735
       Scimitar          |       |       |   111 |   626 |  1419 |   877 |     6 |       |       ||  3039
       Demon blade       |       |       |       |       |       |  1771 |  2622 |   154 |       ||  4547
       Double sword      |       |       |       |       |       |       |   184 |  1193 |   281 ||  1658
       Eudemon blade     |       |       |       |       |       |       |       |   867 |  3445 ||  4312
Invok: Berserk           |     3 |     6 |    14 |    26 |    18 |    13 |    13 |    10 |     5 ||   108
       Burn Spellbooks   |       |     1 |       |     6 |     4 |     6 |     2 |     7 |     4 ||    30
       Trog's Hand       |       |       |       |     3 |     5 |     4 |     5 |     3 |     2 ||    22
       Brothers in Arms  |       |       |       |     2 |     2 |     3 |     6 |     8 |     1 ||    22
       Lesser Servant of |       |       |       |       |       |       |       |       |     1 ||     1
 Abil: Hop               |       |       |       |     2 |       |     6 |     5 |     2 |     8 ||    23
Evoke: Wand              |       |       |       |       |       |     1 |    14 |     2 |     8 ||    25
  Use: Scroll            |       |     2 |     6 |    11 |    12 |    16 |     8 |    13 |    20 ||    88
       Potion            |       |       |       |       |       |     3 |       |     1 |    19 ||    23
 Stab: Distracted        |       |       |       |       |       |       |       |     1 |     2 ||     3
  Eat: Chunk             |     5 |     9 |    23 |    39 |    52 |    48 |    46 |    30 |    50 ||   302
       Fruit             |       |     5 |       |     1 |       |     9 |    14 |     4 |     5 ||    38
       Royal jelly       |       |     2 |       |     4 |     1 |     6 |     5 |     4 |     6 ||    28
       Meat ration       |       |       |     1 |     2 |     1 |       |       |     4 |     3 ||    11
Armor: Animal skin       |    11 |       |       |       |       |       |       |       |       ||    11
       Ring mail         |    41 |    61 |    25 |       |       |       |       |       |       ||   127
       Plate armour      |       |       |   118 |    81 |       |   824 |   663 |   413 |   268 ||  2367
       Chain mail        |       |       |       |   386 |   388 |   120 |       |       |       ||   894
       Gold dragon scale |       |       |       |       |       |       |       |       |   347 ||   347
Dodge: Dodged            |    48 |   121 |   184 |   429 |   285 |   711 |   600 |   520 |  1308 ||  4206
Block: Other             |       |       |    22 |    90 |       |       |       |       |       ||   112
       Large shield      |       |       |       |    33 |  1348 |  3441 |  3067 |  2343 |  3504 || 13736
       Reflection        |       |       |       |     2 |    35 |   130 |   133 |   192 |    71 ||   563
       Rpst.: Falchion   |    15 |    36 |    37 |    14 |       |       |       |       |       ||   102
       Scimitar          |       |       |    14 |    80 |    66 |    72 |       |       |       ||   232
       Demon blade       |       |       |       |       |       |    88 |    89 |     1 |       ||   178
       Double sword      |       |       |       |       |       |       |     8 |    56 |     8 ||    72
       Eudemon blade     |       |       |       |       |       |       |       |    36 |   200 ||   236
